 Dungeon Crawl Stone Soup version 0.21-a0-552-g593960d (webtiles) character file.

478 tidbits the Skirmisher (level 7, 0/59 HPs)
             Began as a Gnoll Wanderer on Dec 17, 2017.
             Slain by Edmund
             ... wielding a +2 dire flail of draining
              (2 damage)
             ... on level 5 of the Dungeon.
             The game lasted 00:08:27 (653 turns).

tidbits the Skirmisher (Gnoll Wanderer)              Turns: 653, Time: 00:08:28

Health: 0/59       AC:  3    Str: 15    XL:     7   Next: 11%
Magic:  9/15       EV: 12    Int: 18    God:
Gold:   17         SH:  0    Dex: 12    Spells: 13/17 levels left

rFire    . . .     SeeInvis .     - Unarmed
rCold    . . .     Gourm    .   (no shield)
rNeg     . . .     Faith    .   d - +0 robe
rPois    .         Spirit   .   (no helmet)
rElec    .         Reflect  .   (no cloak)
rCorr    .         Harm     .   (no gloves)
MR       .....                  F - +0 pair of boots (curse)
Stlth    ++........             (no amulet)
HPRegen  0.19/turn              (no ring)
MPRegen  0.14/turn              (no ring)

@: berserk cooldown, very slightly contaminated, slowed, drained, very slow
A: distributed training, fangs 1, strong nose
a: no special abilities


You were on level 5 of the Dungeon.
You were not hungry.

You visited 1 branch of the dungeon, and saw 5 of its levels.

You collected 17 gold pieces.

Inventory:

Hand Weapons
 a - a +0 short sword
 e - a +0 club
 i - a +0 dagger
Armour
 d - a +0 robe (worn)
 F - a cursed +0 pair of boots (worn)
Wands
 n - a wand of enslavement (11)
Scrolls
 g - a scroll of fear {unknown}
 h - 5 scrolls of identify {unknown}
 j - 2 scrolls of teleportation
 k - a scroll of fog {unknown}
 l - a scroll of blinking {unknown}
 o - a scroll of immolation {unknown}
Potions
 m - a potion of berserk rage
Books
 b - the Collected Works on Air

   Spells                             Type                      Level
   a - Shock                          Conjuration/Air              1
   b - Mephitic Cloud                 Conjuration/Poison/Air       3
Comestibles
 f - a bread ration


   Skills:
 + Level 6.9(6.0) Fighting
 + Level 2.2(1.4) Short Blades
 + Level 2.2(1.4) Long Blades
 + Level 3.4(2.6) Axes
 + Level 2.2(1.4) Maces & Flails
 + Level 2.2(1.4) Polearms
 + Level 2.2(1.4) Staves
 + Level 2.2(1.4) Slings
 + Level 2.2(1.4) Bows
 + Level 2.2(1.4) Crossbows
 + Level 3.4(2.6) Throwing
 + Level 3.4(2.6) Armour
 + Level 2.2(1.4) Dodging
 + Level 2.2(1.4) Stealth
 + Level 2.2(1.4) Shields
 + Level 2.2(1.4) Unarmed Combat
 + Level 5.5(4.6) Spellcasting
 + Level 1.8(1.0) Conjurations
 + Level 1.8(1.0) Hexes
 + Level 1.8(1.0) Charms
 + Level 2.8(2.0) Summonings
 + Level 1.8(1.0) Necromancy
 + Level 1.8(1.0) Translocations
 + Level 1.8(1.0) Transmutations
 + Level 1.8(1.0) Fire Magic
 + Level 1.8(1.0) Ice Magic
 + Level 1.8(1.0) Air Magic
 + Level 1.8(1.0) Earth Magic
 + Level 1.8(1.0) Poison Magic
 + Level 2.5(1.6) Invocations
 + Level 3.4(2.6) Evocations


You had 13 spell levels left.
You knew the following spells:

 Your Spells              Type           Power        Failure   Level  Hunger
a - Shock                 Conj/Air       #...         9%          1    None
m - Mephitic Cloud        Conj/Pois/Air  #.......     26%         3    ###....


Dungeon Overview and Level Annotations

Branches:
Dungeon (5/15)
 Temple: D:4-7

Altars:
Nemelex Xobeh
Trog

Annotations:
D:5 Edmund


Innate Abilities, Weirdness & Mutations

Your experience applies equally to all skills.
You have very sharp teeth.
Your uncanny sense of smell can sniff out nearby items.


Message History

Aim: an orc, wielding a trident Attack!
The orc hits you but does no damage.
Edmund hits the orc with a dire flail of draining!
The orc dies!
The crimson imp hits Edmund.
What are your orders? t - Creak!
Orders for allies: a - Attack new target. r - Retreat! s - Stop attacking. g - Guard the area. f - Follow me.
Anything else - Cancel.
Gang up on whom?
Press: ? - help, Dir - move target cursor, f - crimson imp
Aim: a crimson imp Attack!
Edmund hits the crimson imp with a dire flail of draining.
The crimson imp hits Edmund but does no damage.
You swing at nothing.
The crimson imp barely misses Edmund.
Edmund completely misses the crimson imp.
The crimson imp hits Edmund.
Edmund hits the crimson imp with a dire flail of draining!
You swing at nothing.
The crimson imp closely misses Edmund.
Edmund hits the crimson imp with a dire flail of draining!
The crimson imp dies!
What are your orders? t - Creak!
Orders for allies: a - Attack new target. r - Retreat! s - Stop attacking. g - Guard the area. f - Follow me.
Anything else - Cancel.
Retreat in which direction?
Press: ? - help, Dir - move target cursor Fall back!
Your transformation is almost over.
You cannot move.
Really attack your ally Edmund?
You completely miss Edmund.
Edmund is no longer charmed.
Edmund shouts!
Edmund is moderately wounded.
Edmund hits you but does no damage.
Edmund zaps a wand.
Helpless, you fail to dodge the puff of flame.
You hit Edmund but do no damage.
Edmund is moderately wounded.
Edmund hits you with a dire flail of draining.
You hit Edmund but do no damage.
Edmund is moderately wounded.
Edmund completely misses you.
You smack Edmund!
Edmund is heavily wounded.
Edmund hits you but does no damage. x2
You hit Edmund.
Edmund is heavily wounded.
Edmund hits you but does no damage.
You hit Edmund.
Edmund is severely wounded.
You feel less wooden.
Your cursed +0 pair of boots unmelds from your body.
Your +0 robe unmelds from your body.
Edmund misses you.
Casting: Shock
Confirm with . or Enter, or press ? or * to list all spells.
Aiming: Shock
Press: ? - help, Shift-Dir - straight line The zap hits Edmund.
Edmund appears unharmed.
Edmund is severely wounded.
The zap hits Edmund.
Edmund is severely wounded.
Edmund hits you with a dire flail of draining!
* * * LOW HITPOINT WARNING * * *
You feel drained.
* * * LOW HITPOINT WARNING * * *
Edmund hits you but does no damage.
You feel drained.
Casting: Shock
Confirm with . or Enter, or press ? or * to list all spells.
Aiming: Shock
Press: ? - help, Shift-Dir - straight line You miscast Shock.
You are very lightly contaminated with residual magic.
Nothing appears to happen.
Edmund zaps a wand.
The puff of flame hits you!
* * * LOW HITPOINT WARNING * * *
Casting: Shock
Confirm with . or Enter, or press ? or * to list all spells.
Aiming: Shock
Press: ? - help, Shift-Dir - straight line The zap misses Edmund.
The zap hits Edmund.
Edmund appears unharmed.
Edmund is severely wounded.
Edmund closely misses you.
Edmund zaps a wand.
The puff of flame hits you!
* * * LOW HITPOINT WARNING * * *
Okay, then.
Casting: Shock
Confirm with . or Enter, or press ? or * to list all spells.
Aiming: Shock
Press: ? - help, Shift-Dir - straight line The zap hits Edmund.
Edmund appears unharmed.
Edmund is severely wounded.
The zap hits Edmund.
Edmund is severely wounded.
Edmund hits you with a dire flail of draining!
* * * LOW HITPOINT WARNING * * *
You feel drained.
You die...

### ..# #.# #.# ∆
#.######## #
#.##.....####.#
#.##......@...###
#.##.###..)@)...#
#.##.#
######......
#.###.##†# ...###
#........# ..#
#####.##.# ....
#<#..^# )...
#.......# ....
###...###


You could see Edmund.

Vanquished Creatures
  The ghost of kae the Ruffian, an amateur DrTm of Wu Jian (D:4)
  Menkaure (D:5)
  A bullfrog (D:5)
  A scorpion (D:5)
  A bullfrog skeleton (D:4)
  An orc wizard (D:5)
  An adder (D:5)
  An ooze (D:4)
  A dart slug (D:1)
  2 leopard geckos
  A bat (D:1)
  5 hobgoblins
  3 jackals (D:5)
  2 frilled lizards (D:2)
  4 kobolds
  4 rats (D:1)
30 creatures vanquished.

Vanquished Creatures (collateral kills)
  A crimson imp (D:5)
  A worm (D:4)
  3 orcs (D:5)
5 creatures vanquished.

Vanquished Creatures (others)
  An ogre (D:4)
  A bullfrog skeleton (D:4)
2 creatures vanquished.

Grand Total: 37 creatures vanquished

Notes
Turn   | Place    | Note
-------+----------+-------------------------------------------
     0 | D:1      | tidbits the Gnoll Wanderer began the quest for the Orb.
     0 | D:1      | tidbits set off with: a wand of enslavement (15), the Collected Works on Air, a potion of lignification, a +0 robe, a +0 club, a bread ration
     0 | D:1      | Reached XP level 1. HP: 23/23 MP: 6/6
     0 | D:1      | Identified the Collected Works on Air
     2 | D:1      | Learned a level 1 spell: Shock
    67 | D:1      | Reached skill level 2 in Summonings
    67 | D:1      | Reached XP level 2. HP: 26/29 MP: 2/7
   230 | D:2      | Found a sparkling altar of Nemelex Xobeh.
   406 | D:4      | Noticed kae's ghost (amateur DrTm)
   449 | D:4      | Killed kae's ghost
   449 | D:4      | Reached skill level 1 in Short Blades
   449 | D:4      | Reached skill level 1 in Long Blades
   449 | D:4      | Reached skill level 1 in Maces & Flails
   449 | D:4      | Reached skill level 1 in Polearms
   449 | D:4      | Reached skill level 1 in Staves
   449 | D:4      | Reached skill level 1 in Slings
   449 | D:4      | Reached skill level 1 in Bows
   449 | D:4      | Reached skill level 1 in Crossbows
   449 | D:4      | Reached skill level 1 in Dodging
   449 | D:4      | Reached skill level 1 in Stealth
   449 | D:4      | Reached skill level 1 in Shields
   449 | D:4      | Reached skill level 1 in Unarmed Combat
   449 | D:4      | Reached skill level 5 in Spellcasting
   449 | D:4      | Reached skill level 1 in Conjurations
   449 | D:4      | Reached skill level 1 in Hexes
   449 | D:4      | Reached skill level 1 in Charms
   449 | D:4      | Reached skill level 1 in Necromancy
   449 | D:4      | Reached skill level 1 in Translocations
   449 | D:4      | Reached skill level 1 in Transmutations
   449 | D:4      | Reached skill level 1 in Fire Magic
   449 | D:4      | Reached skill level 1 in Ice Magic
   449 | D:4      | Reached skill level 1 in Air Magic
   449 | D:4      | Reached skill level 1 in Earth Magic
   449 | D:4      | Reached skill level 1 in Poison Magic
   449 | D:4      | Reached skill level 1 in Invocations
   449 | D:4      | Reached XP level 3. HP: 33/35 MP: 5/9
   449 | D:4      | Reached XP level 4. HP: 39/41 MP: 6/11
   449 | D:4      | Reached XP level 5. HP: 45/47 MP: 6/12
   481 | D:4      | Noticed an ogre
   515 | D:4      | Reached skill level 3 in Axes
   515 | D:4      | Reached skill level 3 in Throwing
   515 | D:4      | Reached skill level 3 in Armour
   515 | D:4      | Reached skill level 3 in Evocations
   530 | D:4      | Found a bloodstained altar of Trog.
   567 | D:5      | Entered Level 5 of the Dungeon
   584 | D:5      | Reached skill level 2 in Invocations
   584 | D:5      | Reached XP level 6. HP: 38/53 MP: 7/13
   589 | D:5      | Learned a level 3 spell: Mephitic Cloud
   613 | D:5      | Noticed Menkaure
   619 | D:5      | Noticed Edmund
   627 | D:5      | Reached skill level 2 in Short Blades
   627 | D:5      | Reached skill level 2 in Long Blades
   627 | D:5      | Reached skill level 2 in Maces & Flails
   627 | D:5      | Reached skill level 2 in Polearms
   627 | D:5      | Reached skill level 2 in Staves
   627 | D:5      | Reached skill level 2 in Slings
   627 | D:5      | Reached skill level 2 in Bows
   627 | D:5      | Reached skill level 2 in Crossbows
   627 | D:5      | Reached skill level 2 in Dodging
   627 | D:5      | Reached skill level 2 in Stealth
   627 | D:5      | Reached skill level 2 in Shields
   627 | D:5      | Reached skill level 2 in Unarmed Combat
   631 | D:5      | Killed Menkaure
   631 | D:5      | Reached XP level 7. HP: 59/59 MP: 9/15
   653 | D:5      | HP: 2/59 [Edmund/dire flail of draining (8)]
   653 | D:5      | Slain by Edmund

Vault maps used:
D:1:      dpeg_arrival_houses_and_road, hangedman_decor_growths,
          evilmike_ruin_ashenzari
D:2:      nemelex_xobeh_ov_fountains_minmay, marbit_many_paths,
          nicolae_overflow_crystal_walls, kennysheep_potato
D:3:      nicolae_xom_altar_mimics, elyvilon_altar_4, first_bread,
          roderic_serpentine_path
D:4:      nicolae_ru_path_of_blood, lemuel_doored_altar, lightli_temple_of_fire,
          serial_shops, shop
D:5:      lemuel_crystal_altar, minmay_temple_entry_statues, uniq_menkaure,
          uniq_edmund, uniq_eustachio, uniq_pikel

Skill      XL: |  1  2  3  4  5  6 |
---------------+-------------------+-----
Summonings     | 2 |  2.8
Short Blades   | 1 2 |  2.2
Long Blades    | 1 2 |  2.2
Maces & Flails | 1 2 |  2.2
Polearms       | 1 2 |  2.2
Staves         | 1 2 |  2.2
Slings         | 1 2 |  2.2
Bows           | 1 2 |  2.2
Crossbows      | 1 2 |  2.2
Dodging        | 1 2 |  2.2
Stealth        | 1 2 |  2.2
Shields        | 1 2 |  2.2
Unarmed Combat | 1 2 |  2.2
Spellcasting   | 5 |  5.5
Conjurations   | 1 |  1.8
Hexes          | 1 |  1.8
Charms         | 1 |  1.8
Necromancy     | 1 |  1.8
Translocations | 1 |  1.8
Transmutations | 1 |  1.8
Fire Magic     | 1 |  1.8
Ice Magic      | 1 |  1.8
Air Magic      | 1 |  1.8
Earth Magic    | 1 |  1.8
Poison Magic   | 1 |  1.8
Invocations    | 1 2 |  2.5
Axes           | 3 |  3.4
Throwing       | 3 |  3.4
Armour         | 3 |  3.4
Evocations     | 3 |  3.4
Fighting       | |  6.9

Action                   |  1- 3 |  4- 6 |  7- 9 || total
-------------------------+-------+-------+-------++-------
Melee: Unarmed           |    21 |    13 |    12 ||    46
       Club              |     4 |       |       ||     4
       Dagger            |     3 |       |       ||     3
 Cast: Shock             |    35 |    14 |     3 ||    52
Evoke: Wand              |       |     3 |     1 ||     4
  Use: Potion            |     2 |     2 |       ||     4
       Scroll            |     2 |       |       ||     2
Armor: Skin              |    18 |    18 |    15 ||    51
       Robe              |     2 |     2 |       ||     4
Dodge: Dodged            |    21 |    10 |     5 ||    36

Table legend:
 A = Spawn XP
 B = Non-spawn XP
 C = Spawn XP percentage of total XP
 D = Spawn monster count
 E = Non-spawn monster count
 F = Spawn count percentage of total count
 G = Total turns spent on level
                    A         B        C        D         E        F      G
               +---------+---------+-------+---------+---------+-------+---------
         Total |       0 |     684 |   0.0 |       0 |      35 |   0.0 |   653
               +---------+---------+-------+---------+---------+-------+---------
           D:1 |       0 |      20 |   0.0 |       0 |      12 |   0.0 |   222
           D:2 |       0 |      11 |   0.0 |       0 |       6 |   0.0 |   149
           D:4 |       0 |     242 |   0.0 |       0 |       5 |   0.0 |   181
           D:5 |       0 |     411 |   0.0 |       0 |      12 |   0.0 |    86
               +---------+---------+-------+---------+---------+-------+---------

Table legend:
 A = Turns spent in this place as a percentage of turns spent in the entire game.
 B = Non-inter-level travel turns spent in this place as a percentage of non-inter-level travel turns spent in the entire game.
 C = Inter-level travel turns spent in this place as a percentage of turns spent in this place.
 D = Turns resting spent in this place as a percentage of non-inter-level travel turns spent in this place.
 E = Turns spent auto-exploring this place as a percentage of non-inter-level travel turns spent in this place.
 F = Non-inter-level travel turns spent in this place divided by the number of levels of this place that you've seen.
                   A       B       C       D       E      F
               +-------+-------+-------+-------+-------+----------------------
         Total | 100.0 | 100.0 |   0.0 |   0.0 |   0.0 | 130.6
       Dungeon | 100.0 | 100.0 |   0.0 |   0.0 |   0.0 | 130.6
               +-------+-------+-------+-------+-------+----------------------

Table legend:
 A = Kills in this place as a percentage of kills in entire the game.
 B = Kills by you in this place as a percentage of kills by you in the entire game.
 C = Kills by friends in this place as a percentage of kills by friends in the entire game.
 D = Other kills in this place as a percentage of other kills in the entire game.
 E = Experience gained in this place as a percentage of experience gained in the entire game.
 F = Experience gained in this place divided by the number of levels of this place that you have seen.
                   A       B       C       D       E      F
               +-------+-------+-------+-------+-------+----------------------
         Total | 100.0 | 100.0 | 100.0 |   N/A | 100.0 | 136.8
       Dungeon | 100.0 | 100.0 | 100.0 |   N/A | 100.0 | 136.8
               +-------+-------+-------+-------+-------+----------------------

Vault maps used:
D:1:      dpeg_arrival_houses_and_road, hangedman_decor_growths,
          evilmike_ruin_ashenzari
D:2:      nemelex_xobeh_ov_fountains_minmay, marbit_many_paths,
          nicolae_overflow_crystal_walls, kennysheep_potato
D:3:      nicolae_xom_altar_mimics, elyvilon_altar_4, first_bread,
          roderic_serpentine_path
D:4:      nicolae_ru_path_of_blood, lemuel_doored_altar, lightli_temple_of_fire,
          serial_shops, shop
D:5:      lemuel_crystal_altar, minmay_temple_entry_statues, uniq_menkaure,
          uniq_edmund, uniq_eustachio, uniq_pikel
